 Dungeon Crawl Stone Soup version 0.26.0-5-gb5863c6483 (webtiles) character file.

Game seed: 15174490340383918551

6 Froggeryz the Twirler (level 1, 0/12 HPs)
             Began as a Gargoyle Wanderer on Jan 10, 2021.
             Slain by a rat (1 damage)
             ... on level 1 of the Dungeon.
             The game lasted 00:00:18 (87 turns).

Froggeryz the Twirler (Gargoyle Wanderer)             Turns: 87, Time: 00:00:18

Health: 0/12       AC:  4    Str: 15    XL:     1   Next: 90%
Magic:  3/3        EV: 11    Int: 13    God:
Gold:   32         SH:  0    Dex:  8    Spells: 4/4 levels left

rFire    . . .     SeeInvis .   a - +2 dagger
rCold    . . .     Faith    .   (no shield)
rNeg     + . .     Spirit   .   e - +0 robe
rPois    ∞         Reflect  .   (no helmet)
rElec    +         Harm     .   (no cloak)
rCorr    .         Rampage  .   (no gloves)
Will     .....                  (no boots)
Stlth    +.........             (no amulet)
HPRegen  0.04/turn              (no ring)
MPRegen  0.08/turn              (no ring)

@: no status effects
A: negative energy resistance 1, electricity resistance, unbreathing,
petrification resistance, miasma immunity, AC +2
a: no special abilities


You were on level 1 of the Dungeon.
You visited 1 branch of the dungeon, and saw 1 of its levels.

You collected 32 gold pieces.

Inventory:

Hand Weapons
 a - a +2 dagger (weapon)
 c - a +0 quarterstaff
Missiles
 b - a curare-tipped dart (quivered)
Armour
 e - a +0 robe (worn)
Scrolls
 d - a scroll of teleportation
 f - a scroll of fog {unknown}
Potions
 g - a potion of heal wounds {unknown}


   Skills:
 - Level 1.1 Fighting
 * Level 1.1(2.2) Maces & Flails
 - Level 3.0(3.1) Staves
 - Level 1.0 Throwing
 + Level 0.7 Armour
 - Level 1.0 Dodging
 - Level 1.1 Stealth
 - Level 2.0 Spellcasting
 - Level 1.0 Transmutations


You had 4 spell levels left.
You didn't know any spells.
Your spell library was empty.

Dungeon Overview and Level Annotations

Branches:
Dungeon (1/15)

Altars:


Innate Abilities, Weirdness & Mutations

You are resistant to torment.
Your stone body is resilient. (AC +2)
You are immune to poison.
You resist negative energy. (rN+)
You are resistant to electric shocks. (rElec)
You can survive without breathing.
You are immune to petrification.
You are immune to miasma.


Message History

You are too injured to fight recklessly!
You are too injured to fight recklessly!
You are too injured to fight recklessly!
You are too injured to fight recklessly!
You are too injured to fight recklessly!
You are too injured to fight recklessly!
You hit the hobgoblin but do no damage.
The hobgoblin is severely wounded.
The rat bites you.
The hobgoblin hits you but does no damage.
You hit the hobgoblin.
You kill the hobgoblin!
The rat closely misses you.
Your base Maces & Flails skill increases to level 1!
You barely miss the rat. The rat bites you.
* * * LOW HITPOINT WARNING * * *
You closely miss the rat. The rat bites you.
* * * LOW HITPOINT WARNING * * *
You barely miss the rat. The rat bites you.
You die...

.. .. ≈≈ #.# ≈≈ ≈ #.. ≈≈
≈≈ #..# # ≈≈≈≈≈P.#... .#
.........#.########.##
≈≈≈≈≈P...#..##.......###
≈≈≈≈≈≈.#............$...
≈≈≈≈≈≈.####..##.@)...#
≈≈≈≈≈P.##....8#..r...#
.......##.#..##......#
###..........##.###.....
#...........##[. ..###
#..#####.#..8#.. .# #..#
#....#### # #..# ###..#
##..# ..#


You could see a rat.

Vanquished Creatures
  A dart slug (D:1)
  A hobgoblin (D:1)
  A kobold (D:1)
  A bat (D:1)
4 creatures vanquished.

Notes
Turn   | Place    | Note
-------+----------+-------------------------------------------
     0 | D:1      | Froggeryz the Gargoyle Wanderer began the quest for the
                  | Orb.
     0 | D:1      | Froggeryz set off with the following items: a +2 dagger, a
                  | curare-tipped dart, a +0 quarterstaff, a scroll of
                  | teleportation, a +0 robe
     0 | D:1      | Reached XP level 1. HP: 12/12 MP: 3/3
    85 | D:1      | Reached skill level 1 in Maces & Flails
    87 | D:1      | Slain by a rat

Illustrated notes

Levels and vault maps discovered:
D:1:      giann_bridges, layout_basic, serial_corexii_hall,
          chequers_hall_statues_wall_a, corexii_hall_statues_x,
          chequers_hall_statues_wall_a, minmay_lizard_pond

Skill      XL: |  1 |
---------------+----+-----
Maces & Flails | 1 |  1.1
Fighting       | |  1.1
Staves         | |  3.0
Throwing       | |  1.0
Armour         | |  0.7
Dodging        | |  1.0
Stealth        | |  1.1
Spellcasting   | |  2.0
Transmutations | |  1.0

Action                   || total
-------------------------++-------
Melee: Dagger            ||    21
Armor: Robe              ||     6
Dodge: Dodged            ||    12
